 Dungeon Crawl Stone Soup version 0.26.1-11-gd32895ea62 (webtiles) character file.

Game seed: 7297462217291061598

225 eooof the Grasshopper (level 5, -7/41 HPs)
             Began as a Draconian Warper on May 27, 2021.
             Was a Follower of Elyvilon.
             Mangled by an orc
             ... wielding a +0 war axe
              (9 damage)
             ... on level 4 of the Dungeon.
             The game lasted 00:13:53 (2026 turns).

eooof the Grasshopper (Draconian Warper)            Turns: 2026, Time: 00:13:53

Health: -7/41      AC:  6    Str: 14    XL:     5   Next: 68%
Magic:  8/8        EV: 12    Int: 14    God:    Elyvilon [*.....]
Gold:   126        SH:  0    Dex: 10    Spells: 6/8 levels left

rFire    . . .     SeeInvis .   o - +1 dagger (holy)
rCold    + . .     Faith    .   (no shield)
rNeg     . . .     Spirit   .   (armour unavailable)
rPois    .         Reflect  .   (helmet restricted)
rElec    .         Harm     .   (no cloak)
rCorr    .         Rampage  .   (no gloves)
Will     .....                  f - +0 pair of boots
Stlth    +.........             (no amulet)
HPRegen  0.13/turn              g - ring of protection from cold
MPRegen  0.11/turn              (no ring)

@: protection
A: unfitting armour, cold-blooded, AC +5
a: Renounce Religion, Lesser Healing, Divine Protection


You were on level 4 of the Dungeon.
You worshipped Elyvilon.
Elyvilon was aware of your devotion.
You visited 1 branch of the dungeon, and saw 4 of its levels.

You collected 126 gold pieces.

Inventory:

Hand Weapons
 a - a +0 falchion
 k - a +0 hunting sling of freezing
 o - a +1 dagger of holy wrath (weapon)
Missiles
 d - 2 boomerangs of dispersal (quivered)
 n - 19 sling bullets
Armour
 f - a +0 pair of boots (worn)
Jewellery
 g - a ring of protection from cold (left hand)
Scrolls
 b - a scroll of enchant weapon {unknown}
 c - 2 scrolls of blinking
 h - 2 scrolls of enchant armour {unknown}
 i - a scroll of remove curse {unknown}
 j - a scroll of identify {unknown}
Potions
 e - 4 potions of curing
 l - a potion of might {unknown}
 m - a potion of brilliance {unknown}


   Skills:
 - Level 2.1 Fighting
 - Level 2.0 Long Blades
 - Level 0.8 Throwing
 - Level 2.2 Dodging
 - Level 2.1 Spellcasting
 + Level 6.4 Translocations


You had 6 spell levels left.
You knew the following spells:

 Your Spells              Type           Power        Failure   Level
b - Blink                 Tloc           N/A          2%          2

Your spell library contained the following spells:

 Spells                   Type           Power        Failure   Level
 Gell's Gravitas          Tloc           9%           4%          3
 Lesser Beckoning         Tloc           9%           4%          3
 Teleport Other           Tloc           19%          4%          3
 Passage of Golubria      Tloc           N/A          17%         4


Dungeon Overview and Level Annotations

Branches:
Dungeon (4/15)
 Temple: D:4-7

Altars:
Elyvilon
Ru


Innate Abilities, Weirdness & Mutations

Your plain brown scales are hard. (AC +5)
You cannot fit into any form of body armour.
You are cold-blooded and may be slowed by cold attacks.


Message History

You beseech Elyvilon to protect your life.
The orc barely misses you.
The orc priest calls upon Beogh to heal the orc priest.
The orc priest's wounds heal themselves!
The orc priest barely misses you.
Really attack the orc priest while asking for your life to be spared?
This attack would place you under penance! [Y]es or [N]o only, please.
Really attack the orc priest while asking for your life to be spared?
This attack would place you under penance!
Okay, then.
The orc hits you but does no damage. The orc priest closely misses you.
The orc hits you from afar with a +0 trident.
* * * LOW HITPOINT WARNING * * *
The orc priest closely misses you. The orc misses you.
The orc hits you with a +0 war axe. Elyvilon protects you from harm!
The orc priest completely misses you. The orc priest barely misses you.
The orc completely misses you. The orc barely misses you.
The orc priest misses you. The orc closely misses you.
The orc hits you with a +0 war axe!
You die...

##########.# #.#
...........####.#
................#
######..##.####.#
#..##....#.#
#..#####.#.###### #..#
#.#†.....# #.#####..#
#.#......# #....o@..#
#.#......# ......oo..#
#.#......#
##...o..#.#####.#......#
..........#............#
###########.###.##......
........#...........
####.......#......(.
#.......#...8....
#.......#........


You could see 2 orc priests and 2 orcs.

Vanquished Creatures
  A big kobold (D:4)
  A centaur zombie (D:4)
  2 bullfrog skeletons (D:4)
  A hound zombie (D:4)
  An adder (D:2)
  An adder skeleton (D:4)
  3 leopard geckos (D:2)
  An orc (D:3)
  2 ball pythons
  4 giant cockroaches
  5 goblins
  3 hobgoblins
  3 kobolds
  7 bats
  A jackal zombie (D:4)
  A leopard gecko skeleton (D:4)
  A leopard gecko zombie (D:4)
  2 rats
40 creatures vanquished.

Notes
Turn   | Place    | Note
-------+----------+-------------------------------------------
     0 | D:1      | eooof the Draconian Warper began the quest for the Orb.
     0 | D:1      | Reached XP level 1. HP: 17/17 MP: 3/3
     0 | D:1      | Noticed a spriggan
     6 | D:1      | Noticed a minotaur zombie
    14 | D:1      | Noticed a merfolk zombie
    15 | D:1      | Noticed a ghoul
    65 | D:1      | Reached XP level 2. HP: 11/24 MP: 5/5
   105 | D:1      | Learned a level 2 spell: Blink
   317 | D:2      | Found a sacrificial altar of Ru.
   317 | D:2      | Found a white marble altar of Elyvilon.
   321 | D:2      | Became a worshipper of Ru the Awakened
   323 | D:2      | Fell from the grace of Ru
   323 | D:2      | Became a worshipper of Elyvilon the Healer
   678 | D:2      | Reached skill level 4 in Translocations
   720 | D:2      | Reached XP level 3. HP: 21/29 MP: 6/6
  1312 | D:3      | Reached * piety under Elyvilon
  1471 | D:4      | Reached XP level 4. HP: 14/36 MP: 7/7
  1493 | D:4      | Reached skill level 5 in Translocations
  1581 | D:4      | Reached XP level 5. HP: 20/41 MP: 8/8
  1896 | D:4      | Reached skill level 6 in Translocations
  2023 | D:4      | HP: 1/41 [orc/+0 trident (4)]
  2024 | D:4      | Elyvilon protects you from harm!
  2026 | D:4      | Mangled by an orc

Illustrated notes

Levels and vault maps discovered:
D:1:      shiori_arrival_whats_in_store_for_you, layout_rooms
D:2:      layout_rooms, gammafunk_temple_overflow_wave
D:3:      layout_basic, nicolae_dithmenos_through_a_glass_darkly
D:4:      layout_basic, general_overflow_altar, serial_undead, serial_undead_f,
          serial_undead_b, serial_undead_d, serial_undead_a

Skill      XL: |  1  2  3  4  5 |
---------------+----------------+-----
Translocations | 4 5 6 |  6.4
Fighting       | |  2.1
Long Blades    | |  2.0
Throwing       | |  0.8
Dodging        | |  2.2
Spellcasting   | |  2.1

Action                   |  1- 3 |  4- 6 || total
-------------------------+-------+-------++-------
Melee: Falchion          |    81 |    42 ||   123
       Tailslap          |    11 |    10 ||    21
       Dagger            |       |    10 ||    10
Throw: Boomerang         |     3 |       ||     3
 Cast: Blink             |     4 |       ||     4
Invok: Divine Protection |       |     1 ||     1
  Use: Potion            |     2 |       ||     2
Armor: Skin              |    37 |    18 ||    55
Dodge: Dodged            |    97 |    47 ||   144
       Rpst.: Falchion   |    26 |    14 ||    40
